Unix NetHack Version 5.0.0-0 post-release - last build Jul 19 2026 19:10:59 (3aa4ab31751d3886436d94b585a96704892fd477,branch:main).

Game began 2026-07-18 08:20:21, ended 2026-07-27 14:23:15.

JohnDarcy, neutral male human Tourist

                            -------     -------
                            |.....|--   |..|.>|
                            |$hd..-?|   |.....|
                          --|::..F|-|   |.--.---
                          |.@Fq#..-.|  --.|....----
                          |%|ob...|-| --..|.......|
                          |)|.nR..+.| |.`.|---....|
                          |.|.a.$.|-- |.`.|..|....|
                          |)|------   |...|.......|
                          |.|        --......|....--
                          |.|        |....|..|.....|
                          |.|        |....|--|.....|
                          |.|        |...--  --.|..|
                          |.|        -----    |.----
                          |.-------------------..|
                          |...................^..|
                          ------------------------

JohnDarcy the Excursionist  St:15 Dx:11 Co:18 In:10 Wi:12 Ch:16  Neutral
Dlvl:3  $:0  HP:0(73) Pw:47(47) AC:-3 Xp:8 T:10012 

Latest messages:
 The sleep ray misses the mumak.
 The sleep ray hits the green mold.
 The sleep ray hits the gold golem.
 The sleep ray whizzes by you!
 The sleep ray bounces!
 The sleep ray whizzes by you!
 The sleep ray hits the gold golem.
 You hit the gold golem.
 You destroy the gold golem!
 You kill the newt!
 Welcome to David's treasure zoo!
 There is a broken door here.
 You see here 100 gold pieces.
 The wood nymph pretends to be friendly.
 The wood nymph pretends to be friendly.
 You hit the wood nymph.
 The wood nymph pretends to be friendly.
 The beautiful wood nymph seduces you and you start taking off your suit.
 You can move again.
 The wood nymph steals a +0 dwarvish mithril-coat!
 A mysterious force prevents the wood nymph from teleporting!
 You hit the wood nymph.
 You hit the iguana!
 You hit the iguana!
 You notice a dog smell.
 You hit the iguana!
 You hit the orc-captain.
 The orc-captain thrusts her crude short sword.
 The orc-captain hits!
 The orc-captain thrusts her crude short sword.
 The orc-captain hits again!
 The gnome zaps a wand of sleep!
 The sleep ray hits the mumak.
 The sleep ray hits the green mold.
 The sleep ray hits you!
 The orc-captain thrusts her crude short sword.
 The orc-captain misses!
 The orc-captain thrusts her crude short sword.
 The orc-captain hits!
 The iguana bites!
 The orc-captain thrusts her crude short sword.
 The orc-captain hits!
 The orc-captain thrusts her crude short sword.
 The orc-captain hits again!
 You die...
 Do you want your possessions identified? [ynq] (y) y
 Do you want to see your attributes? [ynq] (y) y
 Do you want an account of creatures vanquished? [ynaq] (y) y
 Do you want to see your conduct and achievements? [ynq] (y) y
 Do you want to see the dungeon overview? [ynq] (y) y

Inventory:
 Weapons  (')')
  a - 4 +2 darts (at the ready)
  x - 20 +0 darts
  s - the blessed +0 Sting (weapon in right hand, flickering light blue)
 Armor    ('[')
  A - an uncursed +1 dwarvish iron helm (being worn)
  R - an uncursed +0 pair of leather gloves (being worn)
  n - an uncursed +0 pair of iron shoes (being worn)
  Z - an uncursed +0 pair of low boots
  S - an uncursed +0 small shield (being worn)
  k - a blessed +5 Hawaiian shirt with a flamingo motif (being worn)
 Comestibles  ('%')
  Q - 2 uncursed food rations
 Rings    ('=')
  Y - an uncursed +0 ring of increase damage (on left hand)
  B - a blessed +1 ring of protection (on right hand)
 Wands    ('/')
  t - a wand of sleep (1:5)
 Tools    ('(')
  H - an uncursed bag of holding containing 38 items
  c - an expensive camera (0:48)

Contents of the bag of holding:
  3912 gold pieces
  9 +0 daggers
  a rustproof +0 knife
  2 +0 knives
  a +0 club
  a +3 scimitar
  an uncursed Pineapple
  an uncursed fortune cookie
  3 uncursed tripe rations
  an uncursed lichen corpse
  2 uncursed scrolls of earth
  an uncursed scroll of food detection
  an uncursed scroll of magic mapping
  an uncursed scroll of teleportation
  a cursed scroll of teleportation
  a blessed potion of healing
  3 uncursed potions of healing
  an uncursed potion of restore ability
  3 potions of holy water
  an uncursed potion of water
  an uncursed ring of cold resistance
  an uncursed ring of poison resistance
  an uncursed ring of see invisible
  a wand of light (0:14)
  a wand of light (0:12)
  a wand of magic missile (0:0)
  a wand of stasis (0:2)
  an uncursed blindfold
  an uncursed brass lantern
  an uncursed credit card
  a magic marker (0:36)
  a +0 pick-axe
  an uncursed skeleton key
  an uncursed stethoscope
  2 uncursed tallow candles
  an uncursed tin whistle
  an uncursed towel
  an uncursed partly used wax candle

JohnDarcy the Tourist's attributes:

Background:
 You were an Excursionist, a level 8 male human Tourist.
 You were neutral, on a mission for The Lady
 who was opposed by Blind Io (lawful) and Offler (chaotic).
 You were right-handed.
 You were in Sokoban, on level 3.
 You entered the dungeon 10012 turns ago.
 You had 2392 experience points, 168 more were needed to attain level 9.

Basics:
 You had 0 out of 73 hit points.
 You had all 47 energy points (spell power).
 Your armor class was -3.
 Your wallet was empty, but
 you had 3912 zorkmids stashed away in your pack.
 Autopickup was off.

Final Characteristics:
 Your strength was 15 (limit:18/100).
 Your dexterity was 11 (limit:18).
 Your constitution was 18 (limit:18).
 Your intelligence was 10 (limit:18).
 Your wisdom was 12 (limit:18).
 Your charisma was 16 (limit:18).

Final Status:
 You weren't hungry.
 You were unencumbered.
 You were wielding a dagger.
 You were skilled in dagger.

Final Attributes:
 You were piously aligned.
 You were aware of the presence of orcs.
 You had a small defense bonus (+1).
 You were warded.
 You were fast.
 You are dead.

Miscellaneous:
 You didn't encounter any bones levels.
 Total elapsed playing time was 3 hours, 24 minutes and 32 seconds.

Major events:
 Turn
    1: JohnDarcy the neutral male human Tourist entered the dungeon
 1613: chose a runed dagger to be named "Sting"
 1625: entered the Gnomish Mines
 1625: attained the rank of Sightseer (level 3)
 4767: attained the rank of Excursionist (level 6)
 5855: reached Mine Town
 7532: entered Sokoban
 7860: completed 1st Sokoban level
 8302: completed 2nd Sokoban level
 8911: completed 3rd Sokoban level
 9577: completed 4th Sokoban level
10012: killed by an orc-captain, while sleeping

You didn't know any spells.

Skills:
 Fighting Skills
   bare handed combat [Unskilled]
   two weapon combat  [Unskilled]
   riding             [Unskilled]
 Weapon Skills
   dagger             [Skilled]
   knife              [Unskilled]
   axe                [Unskilled]
   pick-axe           [Unskilled]
   short sword        [Unskilled]
   broadsword         [Unskilled]
   long sword         [Unskilled]
   two-handed sword   [Unskilled]
   saber              [Unskilled]
   mace               [Unskilled]
   morning star       [Unskilled]
   flail              [Unskilled]
   hammer             [Unskilled]
   quarterstaff       [Unskilled]
   polearms           [Unskilled]
   spear              [Unskilled]
   trident            [Unskilled]
   lance              [Unskilled]
   bow                [Unskilled]
   sling              [Unskilled]
   crossbow           [Unskilled]
   dart               [Skilled]
   shuriken           [Unskilled]
   boomerang          [Unskilled]
   whip               [Unskilled]
   unicorn horn       [Unskilled]
 Spellcasting Skills
   divination spells  [Unskilled]
   enchantment spells [Unskilled]
   escape spells      [Unskilled]

Voluntary challenges:
 Character rerolling was not enabled.
 You never genocided any monsters.
 You never polymorphed an object.
 You used no wishes.
 You did not violate any of the special Sokoban rules.
Achievements:
 You entered a shop.
 You entered the Gnomish Mines.
 You attained the rank of Sightseer.
 You attained the rank of Excursionist.
 You entered Minetown.
 You entered a temple.
 You entered Sokoban.

 The Dungeons of Doom: levels 1 to 8
    Level 1:
       An altar to The Lady, many fountains.
    Level 2:
       A potion shop, many fountains.
    Level 3:
       Stairs down to The Gnomish Mines.
    Level 4:
       A fountain.
    Level 5:
       An altar.
    Level 6:
       Many fountains.
       Oracle of Delphi.
    Level 7:
       A fountain.
       Stairs up to Sokoban, level 6.
    Level 8:
 The Gnomish Mines: levels 4 to 6
    Level 4:
    Level 5:
    Level 6:
       Many shops, a temple and an altar, some fountains, a sink.
 Sokoban: levels 6 up to 3
    Level 3: <- You were here.
       Solved.
       Final resting place for
          you, killed by an orc-captain, while sleeping.
    Level 4:
       Solved.
    Level 5:
       Solved.
    Level 6:
       Solved.


Vanquished creatures:
  2 giant mimics
  2 ogre leaders
  a large cat
  2 gargoyles
 an ochre jelly
  a wraith
  a watchman
  a crocodile
  a winter wolf cub
  3 leprechauns
  a giant spider
  a vampire bat
  2 gnome rulers
  a gold golem
  a werewolf
  a lizard
  2 chickatrices
  4 dingoes
  a dog
  a fire ant
  2 bugbears
 an imp
  a quasit
  2 wood nymphs
  8 Mordor orcs
 an orc shaman
  2 rock piercers
  2 rock moles
  2 yellow lights
  6 gnome leaders
  4 gnomish wizards
  a kobold mummy
  a golden naga hatchling
  2 gray oozes
 an elf zombie
  a straw golem
  3 giant ants
  3 floating eyes
  9 dwarves
  a kobold leader
 11 hill orcs
  4 rothes
  2 rabid rats
  2 centipedes
  7 monkeys
  3 orc zombies
  a dwarf zombie
  a wererat
  6 iguanas
  2 killer bees
 an acid blob
  5 coyotes
  a gas spore
  4 hobbits
 11 manes
  a hobgoblin
  6 giant rats
  2 brown molds
  a yellow mold
  a green mold
 25 gnomes
  a gnome zombie
 12 geckos
 10 jackals
  2 foxes
  2 kobolds
  8 goblins
  7 sewer rats
 10 grid bugs
  2 bats
  8 lichens
  3 kobold zombies
 16 newts
261 creatures vanquished.

No species were genocided or became extinct.

Game over:
                       ----------
                      /          \
                     /    REST    \
                    /      IN      \
                   /     PEACE      \
                  /                  \
                  |    JohnDarcy     |
                  |     3912 Au      |
                  |   killed by an   |
                  |   orc-captain    |
                  |                  |
                  |                  |
                  |       2026       |
                 *|     *  *  *      | *
        _________)/\\_//(\/(/\)/\//\/|_)_______

Aloha JohnDarcy the Tourist...

You died in Sokoban on dungeon level 3 with 13591 points,
and 3912 pieces of gold, after 10012 moves.
You were level 8 with a maximum of 73 hit points when you died.

